 Dungeon Crawl Stone Soup version 0.29-a0-398-ge13fd1374b (webtiles) character file.

Game seed: 1008444190631708731

2205 zishaf the Skirmisher (level 9, -1/24 (48) HPs)
             Began as a Vine Stalker Brigand on May 12, 2022.
             Was a Believer of Uskayaw.
             Slain by a wight
             ... wielding a +4 flail
              (8 damage)
             ... on level 6 of the Dungeon.
             The game lasted 00:16:27 (5746 turns).

zishaf the Skirmisher (Vine Stalker Brigand)        Turns: 5746, Time: 00:16:28

HP:   -1/24 (48)    AC:  9    Str: 16    XL:     9   Next: 34%
MP:   0/13          EV: 10    Int: 11    God:    Uskayaw [**....]
Gold: 331           SH:  0    Dex: 18    Spells: 8/8 levels left

rFire   . . .      SeeInvis .   a - +3 dagger
rCold   . . .      Faith    .   (no shield)
rNeg    . . .      Spirit   +   u - +0 ring mail
rPois   .          Reflect  .   A - +2 helmet of Tynk {Regen+}
rElec   .          Harm     .   y - scarf {+Inv}
rCorr   .          Rampage  .   s - +0 pair of gloves
Will    +....                   (no boots)
Stlth   ++........              i - amulet of the acrobat
HPRegen 1.68/turn               w - ring of flight
MPRegen 0.13/turn               (no ring)

@: flying, very slightly contaminated, extremely drained, invisible
A: fangs 3, regeneration 1, magic shield, antimagic bite, no potion heal 2
a: Renounce Religion, Evoke Invisibility, Stomp, Line Pass


You were on level 6 of the Dungeon.
You worshipped Uskayaw.
Uskayaw was noncommittal.
You visited 2 branches of the dungeon, and saw 8 of its levels.
You also visited: Sewer.

You collected 331 gold pieces.

Inventory:

Hand Weapons
 a - a +3 dagger (weapon)
 b - a +0 hunting sling
Missiles
 d - 38 poisoned darts
 e - 4 curare-tipped darts
 k - 3 boomerangs (quivered)
 v - 9 javelins
 D - 3 atropa-tipped darts
Armour
 c - a +0 cloak
 s - a +0 pair of gloves (worn)
 u - a +0 ring mail (worn)
 y - a scarf of invisibility (worn)
 A - the +2 helmet of Tynk (worn) {Regen+}
   (You acquired it on level 7 of the Dungeon)

   Regen:     It increases your rate of health regeneration.
Jewellery
 i - an amulet of the acrobat (around neck)
 w - a ring of flight (left hand)
 C - an amulet of magic regeneration
 G - a ring of wizardry
Wands
 x - a wand of flame (3)
 z - a wand of digging (6)
Scrolls
 g - 2 scrolls of fog
 j - 7 scrolls of teleportation
 B - a scroll of summoning
 F - a scroll of magic mapping
Potions
 f - 2 potions of flight
 h - a potion of brilliance {unknown}
 l - 3 potions of attraction
 m - a potion of curing {unknown}
 n - a potion of haste {unknown}
 o - 2 potions of might
 p - 2 potions of mutation
 q - 3 potions of invisibility
 r - 3 potions of cancellation
 t - 2 potions of ambrosia {unknown}


   Skills:
 + Level 6.0 Fighting
 + Level 5.9 Short Blades
 - Level 3.0 Throwing
 - Level 0.7 Dodging
 - Level 5.0 Stealth
 + Level 5.0 Invocations
 + Level 5.1 Evocations


You had 8 spell levels left.
You didn't know any spells.
Your spell library contained the following spells:

 Spells                   Type           Power      Damage    Failure   Level
 Magic Dart               Conj           0%         1d3       56%         1
 Call Imp                 Summ           0%         N/A       71%         2
 Mephitic Cloud           Conj/Pois/Air  0%         N/A       90%         3


Dungeon Overview and Level Annotations

Branches:
Dungeon (7/15)             Temple (1/1) D:4           Sewer (visited)

Altars:
Ashenzari
Cheibriados
Dithmenos
Elyvilon
Fedhas
Hepliaklqana
Kikubaaqudgha
Nemelex Xobeh
Ru
Uskayaw
Vehumet
Yredelemnul
The Shining One

Shops:
D:1 !(


Innate Abilities, Weirdness & Mutations

You have razor-sharp teeth.
Your natural rate of healing is unusually fast.
When hurt, damage is shared between your health and your magic reserves.
Your bite disrupts and absorbs the magic of your enemies.
Potions cannot restore your health.


Message History

The wight hits you with a +3 scimitar. The wight misses you.
You feel drained.
You fail to use your ability.
The wight hits you with a +4 flail!
You feel drained. The wight hits you with a +3 scimitar!
You feel drained. The wight hits you but does no damage.
You feel drained.
You fade into invisibility!
You are very lightly contaminated with residual magic.
The wight closely misses you. The wight barely misses you.
The wight completely misses you.
You completely miss the wight. You hit the wight but do no damage.
Your bite misses the wight. The wight barely misses you.
The wight closely misses you.
You hit the wight but do no damage. The wight hits you with a +0 hand axe!
You strike the helpless wight from behind!
You impale the wight!!
You destroy the wight!
The wight hits you with a +4 flail. The wight hits you with a +0 hand axe.
* * * LOW HITPOINT WARNING * * *
You hit the wight but do no damage. You hit the wight.
Your bite misses the wight.
The wight is moderately damaged.
The wight hits you with a +4 flail.
* * * LOW HITPOINT WARNING * * *
You feel drained.
* * * LOW HITPOINT WARNING * * *
The wight hits you but does no damage.
You can now pass through a line of other dancers.
You hit the wight but do no damage. You bite the wight!
You destroy the wight!
The wight hits you with a +4 flail.
* * * LOW HITPOINT WARNING * * *
You feel drained.
Your Fighting skill increases to level 6!
Your Invocations skill increases to level 5!
You hit the wight but do no damage. You bite the wight, but do no damage.
You hit the wight. Your bite misses the wight.
The wight is lightly damaged.
The wight hits you with a +4 flail!
You die...

##.# #......).......# #..#
#.####.##.##.#.# ####..# #.#
#.##.##.#.#
......########.####.##.##.#.#
###.......................#.#
##..########.####.......#.#
####..# ######.####.##.####.####
..##..###........z.............#
................@)..........#.##
#.##..###.##.....).....##.....#
#.##..........##.##.##.##...###
#.##..###.##...#.##.##.##...#
#.##..# #.##...#.##.##.##...#
#..#..###.##...#.##.##......#
........#.##...#.......##..##
##....#.#......####.##.##..#
..........##...# #.##.##..#


You could see a wight (can't see you).

Vanquished Creatures
  Maggie (D:7)
  A wyvern (D:6)
  An orc warrior (D:6)
  An ice beast (D:5)
  A phantom (D:5)
  3 kobold brigands
  A bullfrog (D:6)
  4 scorpions
  4 wights
  A hound (D:6)
  3 jellies (D:6)
  7 orc priests
  3 iguanas
  Ijyb (D:3)
  5 orc wizards
  4 gnolls (D:6)
  5 adders
  3 river rats (Sewer)
  A white imp (D:7)
  An ufetubus (D:6)
  A worm (D:2)
  A dart slug (D:1)
  20 orcs
  10 ball pythons
  16 endoplasms
  7 giant cockroaches
  6 hobgoblins
  7 quokkas
  3 bats
  5 frilled lizards
  6 goblins
  27 kobolds
  26 rats
186 creatures vanquished.

Vanquished Creatures (collateral kills)
  An endoplasm (D:4)
1 creature vanquished.

Vanquished Creatures (others)
  A plant (D:2)
  3 withered plants (D:7)
4 creatures vanquished.

Grand Total: 191 creatures vanquished

Notes
Turn   | Place    | Note
-------+----------+-------------------------------------------
     0 | D:1      | zishaf the Vine Stalker Brigand began the quest for the
                  | Orb.
     0 | D:1      | Reached XP level 1. HP: 11/11 MP: 2/2
    21 | D:1      | Found Lecat's Weapon Shoppe.
   101 | D:1      | Found Feoheceniyn's Distillery.
   194 | D:1      | Reached skill level 2 in Fighting
   194 | D:1      | Reached skill level 5 in Stealth
   194 | D:1      | Reached XP level 2. HP: 12/15 MP: 3/3
   468 | D:1      | Reached XP level 3. HP: 18/18 MP: 4/4
   664 | D:2      | Found a faded altar of an unknown god.
  1219 | D:2      | Gained mutation: Your natural rate of healing is unusually
                  | fast. [Vine Stalker growth]
  1219 | D:2      | Reached XP level 4. HP: 23/23 MP: 5/5
  1582 | D:3      | Noticed Ijyb
  1585 | D:3      | HP: 1/23 [Ijyb/puff of flame (10)]
  1682 | D:3      | Killed Ijyb
  2088 | D:4      | Noticed a scorpion
  2093 | D:4      | Killed a scorpion
  2094 | D:4      | Reached skill level 3 in Fighting
  2094 | D:4      | Reached skill level 1 in Evocations
  2094 | D:4      | Reached XP level 5. HP: 28/28 MP: 6/6
  2224 | D:4      | Reached XP level 6. HP: 32/32 MP: 7/7
  2431 | D:4      | Found a staircase to the Ecumenical Temple.
  2438 | Temple   | Entered the Ecumenical Temple
  2466 | Temple   | Became a worshipper of Uskayaw the Reveller
  2519 | D:4      | Reached * piety under Uskayaw
  2522 | D:4      | Reached ** piety under Uskayaw
  2645 | D:4      | Reached *** piety under Uskayaw
  2651 | D:4      | Reached **** piety under Uskayaw
  2652 | D:4      | Reached skill level 1 in Invocations
  3096 | D:5      | Entered Level 5 of the Dungeon
  3161 | D:5      | Found a glowing drain.
  3194 | Sewer    | Entered a sewer
  3249 | Sewer    | Reached XP level 7. HP: 27/37 MP: 4/8
  3398 | Sewer    | Reached skill level 4 in Fighting
  3930 | D:5      | Found a broken altar of Ashenzari.
  4133 | D:5      | Found a blossoming altar of Fedhas.
  4185 | D:5      | Gained mutation: You have razor-sharp teeth. [Vine Stalker
                  | growth]
  4185 | D:5      | Reached XP level 8. HP: 36/42 MP: 8/11
  4447 | D:6      | Found a white marble altar of Elyvilon.
  4478 | D:6      | Noticed a wyvern
  4491 | D:6      | Killed a wyvern
  4610 | D:6      | Reached skill level 5 in Fighting
  4610 | D:6      | Reached skill level 5 in Short Blades
  4764 | D:6      | Found a hazy altar of Hepliaklqana.
  4769 | D:6      | Reached ***** piety under Uskayaw
  5256 | D:6      | Reached XP level 9. HP: 34/47 MP: 9/13
  5597 | D:7      | Identified a scroll of acquirement
  5597 | D:7      | Acquired the +2 helmet of Tynk {Regen+}
  5612 | D:7      | Noticed Maggie
  5668 | D:7      | Killed Maggie
  5670 | D:7      | Reached skill level 5 in Evocations
  5745 | D:6      | Reached skill level 6 in Fighting
  5745 | D:6      | Reached skill level 5 in Invocations
  5746 | D:6      | Slain by a wight

Illustrated notes

Levels and vault maps discovered:
D:1:      heliophobic_arrival_henge, layout_rooms, serial_shops, shop,
          nicolae_shop_bloodbath_and_beyond
D:2:      layout_basic, shapermc_ecumenical_altar_flowoftime
D:3:      layout_rooms, uniq_ijyb
D:4:      layout_basic, temple_green, corexii_leaking_fountain
D:5:      layout_gridville, lemuel_tele_altar, nicolae_ashenzari_panopticon,
          gup_sewer_entry_pipe
D:6:      layout_basic, amcnicky_altar_gilded,
          mainiacjoe_overflow_concentric_impassable, kennysheep_donut,
          kennysheep_generic_room_5
D:7:      layout_gridville, nicolae_wu_jian_immortal_techniques, serial_undead,
          serial_undead_f, serial_undead_f, serial_undead_a, serial_undead_e,
          serial_undead_a, serial_undead_f, serial_undead_c,
          uniq_prince_ribbit1, uniq_joseph, uniq_maggie
Temple:   compressed_dpeg_circular_temple

Skill      XL: |  1  2  3  4  5  6  7  8  9 |
---------------+----------------------------+-----
Fighting       | 2 3 4 5 6 |  6.0
Throwing       | 2 3 |  3.0
Stealth        | 5 |  5.0
Short Blades   | 2 3 4 5 |  5.9
Evocations     | 1 2 3 4 5 |  5.1
Invocations    | 1 2 4 5 |  5.0
Dodging        | |  0.7

Action                   |  1- 3 |  4- 6 |  7- 9 || total
-------------------------+-------+-------+-------++-------
Melee: Dagger            |    68 |   138 |   310 ||   516
       Bite              |    12 |    34 |    98 ||   144
       Punch             |       |     2 |     3 ||     5
 Fire: Hunting sling     |     3 |    31 |       ||    34
Throw: Dart              |     4 |       |       ||     4
       Boomerang         |       |     5 |    45 ||    50
 Abil: Evoke Invisibilit |       |       |     2 ||     2
  Use: Scroll            |       |    12 |     5 ||    17
       Potion            |       |       |     2 ||     2
 Stab: Sleeping          |    12 |     6 |     2 ||    20
       Paralysed         |       |       |    13 ||    13
       Invisible         |       |       |     3 ||     3
Armor: Robe              |    12 |     2 |       ||    14
       Ring mail         |       |    51 |   100 ||   151
Dodge: Dodged            |    23 |    70 |   130 ||   223

Table legend: (Time is in decaauts)
 A = Elapsed time spent in this place.
 B = Non-inter-level travel time spent in this place.
 C = Inter-level travel time spent in this place.
 D = Time resting spent in this place.
 E = Time spent auto-exploring this place.
 F = Levels seen in this place.
 G = Mean time per level.
                   A        B        C        D        E       F      G
               +--------+--------+--------+--------+--------+-----+--------+
         Total |   5681 |   5464 |    217 |    148 |   3684 |   9 |  631.2 |
       Dungeon |   5012 |   4821 |    191 |    148 |   3468 |   7 |  716.0 |
        Temple |     54 |     28 |     26 |      0 |     19 |   1 |   54.0 |
         Sewer |    614 |    614 |      0 |      0 |    197 |   1 |  614.0 |
               +--------+--------+--------+--------+--------+-----+--------+

Top non-repeatable levels by time:
     D:6: 1224 daAuts
     D:4: 1034 daAuts
     D:2: 889 daAuts
     D:5: 702 daAuts
   Sewer: 614 daAuts
     D:1: 571 daAuts
     D:3: 537 daAuts
  Temple: 54 daAuts
     D:7: 51 daAuts
